 Dungeon Crawl Stone Soup version 0.27-a0-819-g058290f16d (webtiles) character file.

Game seed: 12980029210414095577

2 rocky1 the Shield-Bearer (level 1, 0/14 HPs)
             Began as a Gargoyle Fighter on Mar 29, 2021.
             Slain by a hobgoblin (5 damage)
             ... on level 1 of the Dungeon.
             The game lasted 00:00:22 (180 turns).

rocky1 the Shield-Bearer (Gargoyle Fighter)          Turns: 180, Time: 00:00:23

Health: 0/14       AC:  9    Str: 19    XL:     1   Next: 40%
Magic:  1/1        EV:  4    Int:  8    God:
Gold:   0          SH:  9    Dex:  9    Spells: 0/0 levels left

rFire    . . .     SeeInvis .   a - +0 flail
rCold    . . .     Faith    .   c - +0 kite shield
rNeg     + . .     Spirit   .   b - +0 scale mail
rPois    ∞         Reflect  .   (no helmet)
rElec    +         Harm     .   (no cloak)
rCorr    .         Rampage  .   (no gloves)
Will     .....                  (no boots)
Stlth    ..........             (no amulet)
HPRegen  0.04/turn              (no ring)
MPRegen  0.07/turn              (no ring)

@: constricted
A: AC +2, negative energy resistance 1, electricity resistance, torment
resistance 1, unbreathing 1, petrification resistance
a: no special abilities


You were on level 1 of the Dungeon.
You visited 1 branch of the dungeon, and saw 1 of its levels.

Inventory:

Hand Weapons
 a - a +0 flail (weapon)
Armour
 b - a +0 scale mail (worn)
 c - a +0 kite shield (worn)
Potions
 d - a potion of might


   Skills:
 - Level 3.2 Fighting
 * Level 2.1 Maces & Flails
 - Level 3.2 Armour
 + Level 3.3 Shields


You couldn't memorise any spells.
You didn't know any spells.
Your spell library was empty.

Dungeon Overview and Level Annotations

Branches:
Dungeon (1/15)

Altars:


Innate Abilities, Weirdness & Mutations

Your stone body is resilient. (AC +2)
You are immune to poison.
You resist negative energy. (rN+)
You are resistant to electric shocks. (rElec)
You are resistant to unholy torment.
You can survive without breathing.
You are immune to petrification.


Message History

The ball python constricts you. The rat barely misses you.
You barely miss the ball python.
The ball python bites you but does no damage.
The ball python constricts you. The rat barely misses you.
You block the ball python's attack. The ball python constricts you.
You closely miss the ball python. You block the ball python's attack.
The ball python constricts you.
The rat twitches its whiskers.
The rat barely misses you. You block the ball python's attack.
The ball python constricts you. The rat bites you but does no damage.
You escape the ball python's grasp.
You barely miss the ball python. You block the ball python's attack.
The ball python grabs you. The ball python constricts you.
The ball python bites you but does no damage.
The ball python constricts you.
Your shield prevents you from hitting the ball python.
The ball python bites you but does no damage.
The ball python constricts you. The ball python barely misses you.
The ball python constricts you.
You closely miss the ball python. You block the ball python's attack.
The ball python constricts you. The ball python barely misses you.
The ball python constricts you.
You closely miss the ball python. You block the ball python's attack.
The ball python constricts you. You block the hobgoblin's attack.
You closely miss the ball python.
The ball python bites you but does no damage.
The ball python constricts you. The hobgoblin hits you.
The ball python bites you. The ball python constricts you.
The hobgoblin hits you but does no damage.
You barely miss the ball python. You block the ball python's attack.
The ball python constricts you.
The hobgoblin hits you but does no damage.
You block the ball python's attack. The ball python constricts you.
You hit the ball python.
The ball python is moderately wounded.
The ball python bites you but does no damage.
The ball python constricts you. The hobgoblin completely misses you.
The ball python bites you but does no damage.
The ball python constricts you. The hobgoblin hits you.
You die...

#.#######.#
#........########
#...####.........#
##
.##.####...#####.#
#.. ...........#
#..####.####.#.#
#.......####.#.##.##
##..g..).......... #
#...#@###..####.##
#.#...#S# #.##
#......r# #.#
###...### #.# #...#
#.. #...# ### ......
....... .>........


You could see a hobgoblin, a ball python and a rat.

Vanquished Creatures
  2 endoplasms (D:1)
2 creatures vanquished.

Notes
Turn   | Place    | Note
-------+----------+-------------------------------------------
     0 | D:1      | rocky1 the Gargoyle Fighter began the quest for the Orb.
     0 | D:1      | Reached XP level 1. HP: 14/14 MP: 1/1
   180 | D:1      | Slain by a hobgoblin

Illustrated notes

Levels and vault maps discovered:
D:1:      nzn_arrival_depleted_hourglass, layout_loops_cross, serial_shops,
          shop, shop, shop_statue, nicolae_shop_statue_plus

Action                   || total
-------------------------++-------
Melee: Flail             ||    13
Armor: Scale mail        ||    10
Dodge: Dodged            ||     6
Block: Kite shield       ||    12

Table legend: (Time is in decaauts)
 A = Elapsed time spent in this place.
 B = Non-inter-level travel time spent in this place.
 C = Inter-level travel time spent in this place.
 D = Time resting spent in this place.
 E = Time spent auto-exploring this place.
 F = Levels seen in this place.
 G = Mean time per level.
                   A        B        C        D        E       F      G
               +--------+--------+--------+--------+--------+-----+--------+
         Total |    186 |    186 |      0 |      0 |    157 |   1 |  186.0 |
       Dungeon |    186 |    186 |      0 |      0 |    157 |   1 |  186.0 |
               +--------+--------+--------+--------+--------+-----+--------+

Top non-repeatable levels by time:
     D:1: 186 daAuts
